[Event "*** SCC Grand Prix: Titled Tuesday Blitz"]
[Site "Chess.com"]
[Date "2020.06.02"]
[Round "2"]
[White "tan275"]
[Black "jonaszmb"]
[Result "1/2-1/2"]
[WhiteElo "2175"]
[BlackElo "2409"]
[TimeControl "180+1"]
[EndTime "10:18:02 PDT"]
[Termination "Game drawn by agreement"]

1. d4 d5 2. c4 Bf5 3. Nf3 e6 4.
Nc3 Nc6 5. a3 Nf6 6. Bg5 Be7 7. e3 Ne4 8. Bxe7 Nxe7 9. Bd3 Nxc3 10. bxc3 dxc4 11. Bxc4 O-O 12. O-O c5 13. dxc5 Rc8 14.
Qxd8 Rfxd8 15. Rfd1 h6 16. Nd4 Rxc5 17. Bf1 Bg6 18. Nf5 Re8 19. Nxe7+ Rxe7 20. Rd8+ Kh7 21. c4 Rec7 22. Rad1 Bc2 23. R1d7 Bb3 24. Bd3+ f5 25. Rxc7 Rxc7 26. Rd4 g6 27. f4 Kg7 28. Kf2 Kf6 29.
Ke2 Ba4 30. Kd2 Bc6 31. g3 Rd7 32. Kc3 e5 33. Rxd7 Bxd7 34. Kb4 exf4 35. exf4 Ke7 36. Kc5 Bc6 37. Kd4 Kd6 38. c5+ Ke6 39. Bc4+ Kf6 40. Bb3 g5 41. Bc4 Bh1 42. Bb3 Bc6 43. Bc4 h5 44.
Bb3 h4 45. Bc4 gxf4 46. gxf4 a6 1/2-1/2

[Event "*** SCC Grand Prix: Titled Tuesday Blitz"]
[Site "Chess.com"]
[Date "2020.06.02"]
[Round "2"]
[White "Balla_Tamas"]
[Black "Gabrielian_Artur"]
[Result "0-1"]
[WhiteElo "2498"]
[BlackElo "2735"]
[TimeControl "180+1"]
[EndTime "10:18:03 PDT"]
[Termination "Gabrielian_Artur won on time"]

1. e4 c5 2. d3 Nc6 3. g3 g6 4. Bg2 Bg7 5. f4 d6 6. Nf3 e6 7. O-O Nge7 8. c3 O-O 9. a4 b6 10. Na3 Bb7 11. Re1 d5 12. e5 d4 13. Nc4 dxc3 14.
bxc3 Nd5 15. Nd6 Rb8 16. Bb2 Ba8 17. c4 Ndb4 18. d4 cxd4 19. Nxd4 Nxd4 20. Bxd4 Bxg2 21. Kxg2 Qd7 22. Qb3 a5 23. Red1 Qc6+ 24. Qf3 Qc7 25. Rac1 Na6 26. Nb5 Qe7 27. Qe3 h5 28. Kg1 Qb7 29.
c5 bxc5 30. Bxc5 Nxc5 31. Rxc5 Rfd8 32. Nd6 Qb6 33. Qf2 Bf8 34. Rc4 Qa6 35. Rcd4 Qc6 36. h3 Rb4 37. R4d2 Qxa4 38. Qa7 Qd7 39. Qxa5 Rb3 40.
Qc5 Rxg3+ 41. Kh2 h4 42. Qf2 Qc6 43. Ne4 Qxe4 44. Rxd8 Qf5 0-1

[Event "*** SCC Grand Prix: Titled Tuesday Blitz"]
[Site "Chess.com"]
[Date "2020.06.02"]
[Round "2"]
[White "SketchyMoves"]
[Black "Mikhal867"]
[Result "1-0"]
[WhiteElo "2636"]
[BlackElo "2275"]
[TimeControl "180+1"]
[EndTime "10:18:03 PDT"]
[Termination "SketchyMoves won by resignation"]

1. e4 g6 2. Nc3 Bg7 3. f4 e6 4. Nf3 d5 5. e5 d4 6. Ne4 b6 7. Bb5+ Bd7 8. Nxd4 Bxb5 9. Nxb5 a6 10.
Nbc3 Nh6 11. d4 Nc6 12. d5 exd5 13. Qxd5 Qxd5 14. Nxd5 O-O-O 15. c4 Nd4 16. O-O Kb7 17. Be3 Nc2 18. Rac1 Nxe3 19. Nxe3 Rd4 20. Ng5 Rd3 21. Rfe1 Bf8 22. Rcd1 Rxd1 23. Nxd1 Bc5+ 24. Kf1 Ng4 25. h3 Nh6 26. g4 Rd8 27. Ne4 Kc6 28. Nxc5 Kxc5 29.
Ne3 Rd2 30. Re2 Rd3 31. Kf2 Ng8 32. Rc2 Ne7 33. Ke2 Rd4 34. Kf3 Nc6 35. a3 a5 36.
Rc3 Rd2 37. b3 Nd4+ 38. Ke4 Ne6 39. Nd5 Ra2 40. b4+ axb4 41. axb4+ Kc6 42. f5 Ng5+ 43. Kf4 Nxh3+ 44. Rxh3 Re2 45. Rxh7 Rf2+ 46. Kg5 gxf5 47. gxf5 b5 48. Rxf7 bxc4 49. Ne3 Re2 50. Nxc4 Kb5 51.
Rxc7 Rg2+ 52. Kf6 1-0

[Event "*** SCC Grand Prix: Titled Tuesday Blitz"]
[Site "Chess.com"]
[Date "2020.06.02"]
[Round "2"]
[White "vanImpe"]
[Black "Baby_Shak"]
[Result "0-1"]
[WhiteElo "2344"]
[BlackElo "2635"]
[TimeControl "180+1"]
[EndTime "10:18:04 PDT"]
[Termination "Baby_Shak won by resignation"]

1. g3 d5 2. Bg2 Nc6 3. c4 d4 4. Nf3 Nf6 5. d3 e5 6. O-O a5 7.
Na3 Be7 8. Nc2 O-O 9. e3 Bf5 10. exd4 exd4 11. Re1 Re8 12. Bf4 Qd7 13. Ne5 Nxe5 14.
Bxe5 c5 15. Bxf6 Bxf6 16. Qf3 Rxe1+ 17. Rxe1 Rb8 18. Na3 b6 19. Nb5 h6 20. h4 Bg4 21.
Qd5 Re8 22. Rxe8+ Qxe8 23. Be4 Qd8 24. Qxd8+ Bxd8 25. Kg2 Kf8 26. f3 Bd7 27. h5 f5 28.
Bd5 Ke7 29. f4 Be8 30. Bf3 Bxb5 31. cxb5 Kd6 32. Bd1 c4 33. dxc4 Kc5 34. Be2 Kb4 35. Bd3 a4 36. Kf3 Be7 37. Ke2 a3 38. bxa3+ Kxa3 39. Bxf5 Kb4 40. Kd3 Bf6 41. Be6 Kc5 42. Ke4 Kb4 43. g4 Kc3 44. Kf5 d3 45. g5 Bd4 46.
gxh6 d2 47. hxg7 Bxg7 48. Kg6 d1=Q 49. Kxg7 Qxh5 50. f5 Qg5+ 51. Kf7 Kd4 52. a4 Ke5 53. Ke8 Kd6 54. Kf7 Qe7+ 55. Kg6 Ke5 56. Kh5 Qf6 57. Kg4 Qg7+ 58. Kf3 Qg5 59. Kf2 Ke4 60. Bd5+ Kf4 61.
Be6 Qg3+ 62. Ke2 Qe3+ 63. Kd1 Qc3 64. Ke2 Qc2+ 65. Kf1 Ke3 66. Kg1 Qf2+ 67. Kh1 Kf3 0-1

[Event "*** SCC Grand Prix: Titled Tuesday Blitz"]
[Site "Chess.com"]
[Date "2020.06.02"]
[Round "2"]
[White "Djager97"]
[Black "WinstonSilvakov"]
[Result "1-0"]
[WhiteElo "2374"]
[BlackElo "2062"]
[TimeControl "180+1"]
[EndTime "10:18:06 PDT"]
[Termination "Djager97 won by resignation"]

1. e4 Nf6 2. e5 Nd5 3. d4 d6 4.
Nf3 Nb6 5. Be2 g6 6. O-O Bg7 7.
c4 O-O 8. h3 Nc6 9. exd6 cxd6 10.
Nc3 e5 11. Be3 Nd7 12. dxe5 dxe5 13. Qd2 Re8 14. Rfd1 Qa5 15. Nb5 e4 16. Qxa5 Nxa5 17.
Nfd4 Be5 18. Rac1 a6 19. Nc3 Nc6 20. Nd5 Nf6 21. Nb6 Rb8 22. Nxc6 bxc6 23. Nxc8 Rexc8 24. b3 Rd8 25. Rxd8+ Rxd8 26. Rd1 Rxd1+ 27. Bxd1 Kf8 28. Bc2 Ke7 29. g4 h5 30. g5 Nh7 31. Bxe4 Kd6 32. f4 Bc3 33. Kf2 Nf8 34. f5 Bb4 35. Kf3 Bc5 36. Bxc5+ Kxc5 37. Ke3 Kd6 38. b4 c5 39. a3 cxb4 40. axb4 Ke5 41. b5 axb5 42. cxb5 Nd7 43. fxg6 fxg6 44. Bxg6 Nb6 45. Bxh5 Nd5+ 46. Kf3 1-0

[Event "*** SCC Grand Prix: Titled Tuesday Blitz"]
[Site "Chess.com"]
[Date "2020.06.02"]
[Round "2"]
[White "Guenplen"]
[Black "MightyGMpretender"]
[Result "1/2-1/2"]
[WhiteElo "2916"]
[BlackElo "2577"]
[TimeControl "180+1"]
[EndTime "10:18:07 PDT"]
[Termination "Game drawn by repetition"]

1. d4 Nf6 2. Bf4 d5 3. e3 c5 4. c3 Nc6 5. Nd2 cxd4 6. exd4 Bf5 7. Ngf3 e6 8. Be2 Bd6 9. Bxd6 Qxd6 10. O-O O-O 11. Re1 Nd7 12. Nb3 Rab8 13. Bd3 Bxd3 14. Qxd3 b5 15. a3 a5 16. Ng5 Nf6 17. Nc5 h6 18.
Nf3 a4 19. Re2 Nd7 20. Nxd7 Qxd7 21. Rae1 Na5 22. Ne5 Qc7 23. Qf3 Nc4 24. Nd3 Qd8 25. g3 Qf6 26. Qg4 g6 27. Nf4 Qf5 28. h3 Rb7 29.
Kg2 Kh7 30. Qf3 g5 31. Nd3 Qxf3+ 32. Kxf3 Kg7 33. Kg2 Rc7 34. f3 Rcc8 35. g4 h5 36.
Kg3 Rh8 37. Ne5 hxg4 38. hxg4 Rh7 39. Nxc4 bxc4 40. Rh2 Rxh2 41. Kxh2 Rb8 42. Re2 Kg6 43. Kg3 Rh8 44. Kg2 Kf6 45. Re1 Kg6 46.
Re2 Kf6 47. Re1 Kg6 48. Re2 1/2-1/2

[Event "*** SCC Grand Prix: Titled Tuesday Blitz"]
[Site "Chess.com"]
[Date "2020.06.02"]
[Round "2"]
[White "AttilaTurzo"]
[Black "12teen"]
[Result "1-0"]
[WhiteElo "2482"]
[BlackElo "2696"]
[TimeControl "180+1"]
[EndTime "10:18:07 PDT"]
[Termination "AttilaTurzo won by resignation"]

1. e4 b6 2. d4 Bb7 3. Nc3 e6 4. Nf3 Nf6 5. Bd3 d5 6. Qe2 c5 7. dxc5 Bxc5 8. Bg5 d4 9. Nb1 Qc7 10. O-O e5 11. Bxf6 gxf6 12. Nh4 Nc6 13. Nd2 O-O-O 14. Qh5 Rdg8 15. a3 Rg5 16. Qh6 Qd8 17. Nf5 Bf8 18.
Qh3 Kb8 19. Kh1 h5 20. Nf3 Rgg8 21.
N3h4 Bc8 22. Qf3 Be6 23. Rac1 Rg4 24. Qe2 Rhg8 25. f3 R4g5 26. g3 Ne7 27. c3 Nxf5 28. Nxf5 Bxf5 29. exf5 Be7 30. Be4 d3 31. Bxd3 Qc7 32.
Be4 Rd8 33. Rfd1 Rgg8 34. Rxd8+ Rxd8 35. Rd1 Rxd1+ 36. Qxd1 a6 37. Qd5 Kc8 38. Qa8+ Kd7 39. Qxa6 Bc5 40. Qd3+ Ke7 41. b4 Bd6 42. c4 Qa7 43. Kg2 Qd7 44. c5 bxc5 45. bxc5 Bxc5 46. Qxd7+ Kxd7 47. a4 Ke7 48. Kh3 Bg1 49. Bd5 Kf8 50.
a5 Kg7 51. a6 Kh6 52. Bxf7 Kg5 53. Bg6 Ba7 54. Kg2 Kh6 55. h4 Kg7 56. Bxh5 1-0

[Event "*** SCC Grand Prix: Titled Tuesday Blitz"]
[Site "Chess.com"]
[Date "2020.06.02"]
[Round "2"]
[White "Forantes"]
[Black "rase"]
[Result "0-1"]
[WhiteElo "2308"]
[BlackElo "2601"]
[TimeControl "180+1"]
[EndTime "10:18:07 PDT"]
[Termination "rase won by checkmate"]

1. Nf3 c5 2. g3 g6 3. Bg2 Bg7 4.
d4 cxd4 5. Nxd4 Nc6 6. Nb3 Nf6 7. O-O O-O 8. Nc3 d6 9. Re1 Be6 10. e4 Qd7 11. Nd5 Rac8 12. c3 Bh3 13. Bh1 Nxd5 14. exd5 Ne5 15. Nd4 Rc4 16. Qb3 Rfc8 17. Bg5 h6 18.
Bd2 a6 19. a4 Kh7 20. a5 R8c5 21. Qb6 Rxd4 22. cxd4 Nc4 23. dxc5 Nxb6 24. c6 Qc7 25. axb6 Qxb6 26. Be3 Qc7 27. Rac1 Bxb2 28. Rb1 bxc6 29. Rxb2 c5 30. Reb1 Kg7 31. Bf3 c4 32. Rc1 Bf5 33.
Be2 Qa5 34. Rxc4 Qxd5 35. Rc1 Bh3 36. Rd2 Qg2# 0-1

[Event "*** SCC Grand Prix: Titled Tuesday Blitz"]
[Site "Chess.com"]
[Date "2020.06.02"]
[Round "2"]
[White "Ariadna_Atreides"]
[Black "malandragem"]
[Result "0-1"]
[WhiteElo "2044"]
[BlackElo "2467"]
[TimeControl "180+1"]
[EndTime "10:18:07 PDT"]
[Termination "malandragem won by checkmate"]

1. d4 Nf6 2. Nf3 g6 3. c4 Bg7 4. Nc3 d6 5. e4 O-O 6. Be2 e5 7.
d5 a5 8. Bg5 h6 9. Bh4 Na6 10.
Nd2 Qe8 11. O-O Nh7 12. f3 h5 13. a3 Bd7 14. Nb5 Bh6 15. Rb1 a4 16. Bf2 Qe7 17. Qc2 h4 18. Rfd1 Bf4 19. Qxa4 Qg5 20. Nf1 f5 21. Qc2 Nf6 22. b4 Nh5 23. Qd3 Rf7 24. c5 Raf8 25. cxd6 Bxb5 26. Qxb5 cxd6 27. Qd3 fxe4 28. Qxe4 Nc7 29. b5 Ne8 30. Bd3 Rf6 31.
b6 Neg7 32. Rbc1 Nf5 33. Rc7 Nd4 34. Bxd4 exd4 35. Qe7 R8f7 36. Qe8+ Rf8 37. Qd7 R8f7 38.
Rc8+ Kg7 39. Qg4 Be3+ 40. Nxe3 Qxe3+ 41. Kh1 Nf4 42. Rb8 Nxd3 43. Qc8 Nf2+ 44. Kg1 Nh3+ 45. Kh1 Qg1+ 46. Rxg1 Nf2# 0-1

[Event "*** SCC Grand Prix: Titled Tuesday Blitz"]
[Site "Chess.com"]
[Date "2020.06.02"]
[Round "2"]
[White "Irishchessman16"]
[Black "LamaChampetre"]
[Result "1-0"]
[WhiteElo "2417"]
[BlackElo "2163"]
[TimeControl "180+1"]
[EndTime "10:18:07 PDT"]
[Termination "Irishchessman16 won by resignation"]

1. e4 c5 2. Nf3 g6 3. c3 d5 4. exd5 Qxd5 5. Na3 Bg7 6. Bc4 Qe4+ 7. Kf1 Nc6 8. Ng5 Qf5 9. Nxf7 Ne5 10. Nxh8 Bxh8 11. Bxg8 e6 12. Qe2 b6 13. d4 cxd4 14. cxd4 Ng4 15.
Nb5 Kf8 16. Bxh7 Ba6 17. a4 Rc8 18. Be3 Rc2 19. Qf3 Nxe3+ 20. fxe3 Kg7 21. Qxf5 exf5 22.
Bxg6 Kxg6 23. h3 Bf6 24. Kg1 Bh4 25. Kh2 Bb7 26. Rhg1 Bg5 27. Rae1 Rxb2 28. Nd6 Be4 29. Nxe4 fxe4 30. Rgf1 Bh4 31. Rc1 Bf6 32. Rc6 Ra2 33.
Rcxf6+ Kg5 34. R1f5+ Kh4 35. Rf4+ Kg5 36. R6f5+ Kg6 37.
Re5 Kg7 38. Rfxe4 Rxg2+ 39. Kxg2 a5 40. Rf4 Kg6 41. Re6+ 1-0

[Event "*** SCC Grand Prix: Titled Tuesday Blitz"]
[Site "Chess.com"]
[Date "2020.06.02"]
[Round "2"]
[White "mbachez"]
[Black "Quaternitychess"]
[Result "0-1"]
[WhiteElo "2528"]
[BlackElo "2818"]
[TimeControl "180+1"]
[EndTime "10:18:08 PDT"]
[Termination "Quaternitychess won by checkmate"]

1. e4 d6 2. d4 Nf6 3. Nc3 Nbd7 4. Nf3 e5 5. Bc4 Be7 6. O-O O-O 7. a4 a5 8. Re1 c6 9. dxe5 dxe5 10. Ba2 Qc7 11. Nh4 Nc5 12. Qf3 g6 13. Bh6 Re8 14.
Bg5 Bg4 15. Qg3 Be6 16. Nf5 Bd8 17. Nh6+ Kg7 18. Nf5+ Kh8 19. Nh6 Bxa2 20. Rxa2 Ne6 21. Be3 Nh5 22. Qxe5+ f6 23. Qxc7 Bxc7 24. Raa1 Kg7 25.
Ng4 Rad8 26. f3 f5 27. Nf2 f4 28. Bc1 Nd4 29. Rb1 Nxc2 30. Rd1 Nf6 31. Nd3 g5 32. Kf1 Nd7 33. b3 Ne5 34. Nxe5 Bxe5 35. Rxd8 Rxd8 36. Bb2 Rd2 37. Rd1 Ne3+ 38. Ke1 Rxb2 39. Ne2 Nxg2+ 40. Kf2 Ne3 41. Rd7+ Kf6 42. Rxb7 g4 43. fxg4 Nxg4+ 44. Kf3 Nxh2+ 45. Kg2 f3+ 46. Kh3 Rxe2 47. Rf7+ Kxf7 48.
Kh4 f2 49. Kh5 f1=Q 50. Kh6 Qf6+ 51. Kh5 Qg6+ 52. Kh4 Qg4# 0-1

[Event "*** SCC Grand Prix: Titled Tuesday Blitz"]
[Site "Chess.com"]
[Date "2020.06.02"]
[Round "2"]
[White "Oleksandr_Bortnyk"]
[Black "tvjosue"]
[Result "1-0"]
[WhiteElo "2963"]
[BlackElo "2580"]
[TimeControl "180+1"]
[EndTime "10:18:09 PDT"]
[Termination "Oleksandr_Bortnyk won on time"]

1. e4 c5 2. Be2 Nc6 3. f4 e6 4. Nf3 Nge7 5. d3 g6 6. O-O Bg7 7. c3 O-O 8. Be3 d6 9. a4 Rb8 10. Qe1 a6 11. Kh1 f5 12. Qh4 b5 13. axb5 axb5 14. Nbd2 b4 15. Nc4 bxc3 16. bxc3 fxe4 17.
dxe4 d5 18. exd5 exd5 19. Nce5 Nxe5 20. fxe5 Qc7 21. Qf2 c4 22. Ra7 Rb7 23. Rxb7 Qxb7 24. Bc5 Bg4 25. Qh4 Bxf3 26. Bxf3 Nf5 27. Qxc4 Ng3+ 28.
hxg3 Rxf3 29. Qe2 Rxf1+ 30. Qxf1 Qc7 31. Bd6 Qxc3 32. e6 Qf6 33. Qe2 Qa1+ 34. Kh2 Qb2 35. Qf1 Qf6 36. Qe1 Qc3 37. Qe2 Qb2 38. Qe3 Qd4 39.
Qb3 Qe4 40. Qb8+ 1-0

[Event "*** SCC Grand Prix: Titled Tuesday Blitz"]
[Site "Chess.com"]
[Date "2020.06.02"]
[Round "2"]
[White "youngKID"]
[Black "Maksimus1998"]
[Result "1-0"]
[WhiteElo "2782"]
[BlackElo "2519"]
[TimeControl "180+1"]
[EndTime "10:18:09 PDT"]
[Termination "youngKID won by resignation"]

1. e4 d5 2. exd5 Nf6 3. Nf3 Nxd5 4. d4 Bf5 5. Bd3 Bxd3 6. Qxd3 e6 7. O-O Nc6 8. c4 Nf6 9. Nc3 Be7 10. a3 O-O 11. d5 exd5 12. cxd5 h6 13. Qb5 a6 14. Qb3 Na5 15. Qa2 b5 16. Rd1 Bd6 17. Be3 Re8 18. Bd4 Nc4 19. a4 Ne4 20. Nxe4 Rxe4 21. axb5 Nb6 22.
bxa6 Qd7 23. Qb3 Qf5 24. Bxb6 Rb4 25. Qxb4 Bxb4 26. Bxc7 Qc2 27. d6 Bxd6 28. Bxd6 Rxa6 29. Be5 Re6 30. Rac1 Qb3 31. Nd4 Qxb2 32. Nxe6 Qxe5 33. Rc8+ Kh7 34. Nf8+ Kg8 35. Nd7+ 1-0

[Event "*** SCC Grand Prix: Titled Tuesday Blitz"]
[Site "Chess.com"]
[Date "2020.06.02"]
[Round "2"]
[White "AwareIdea"]
[Black "carlesdc96"]
[Result "0-1"]
[WhiteElo "2504"]
[BlackElo "2761"]
[TimeControl "180+1"]
[EndTime "10:18:09 PDT"]
[Termination "carlesdc96 won on time"]

1. d4 e6 2. Nc3 d5 3. Bf4 Nf6 4. e3 a6 5. a3 c5 6. Nf3 Nc6 7.
Be2 Bd6 8. Bg3 O-O 9. O-O b5 10. dxc5 Bxc5 11. Bd3 Bb7 12. e4 dxe4 13. Nxe4 Nxe4 14.
Bxe4 h6 15. Ne5 Qc8 16. Qd7 Nxe5 17. Qxb7 Qxb7 18. Bxb7 Ra7 19. Be4 Nc4 20. b3 Nd2 21.
Rfe1 Nxe4 22. Rxe4 Rd8 23. a4 Rad7 24. Kf1 Rd2 25. Re2 Bb4 26. Rxd2 Rxd2 27. axb5 axb5 28. c4 bxc4 29. bxc4 Rc2 30. Ra8+ Kh7 31. Rc8 g5 32. Rc7 Kg6 33. h4 f5 34. hxg5 hxg5 35. Be5 f4 36. f3 Kf5 37. Bd4 e5 38. Bf2 g4 39. fxg4+ Kxg4 40. Rg7+ Kf5 41. Rf7+ Ke6 42. Rc7 e4 43. Rc6+ Kf5 44.
Bd4 e3 0-1

[Event "*** SCC Grand Prix: Titled Tuesday Blitz"]
[Site "Chess.com"]
[Date "2020.06.02"]
[Round "2"]
[White "Efremov_Vlad"]
[Black "OhanyanEminChess"]
[Result "0-1"]
[WhiteElo "2160"]
[BlackElo "2407"]
[TimeControl "180+1"]
[EndTime "10:18:09 PDT"]
[Termination "OhanyanEminChess won on time"]

1. d4 Nf6 2. c4 c5 3. d5 b5 4. cxb5 a6 5. bxa6 g6 6. Nc3 Bg7 7. e4 O-O 8. Nf3 d6 9. Bd3 Qa5 10. O-O Bxa6 11. Bxa6 Qxa6 12. e5 Ng4 13. exd6 exd6 14.
h3 Ne5 15. Bf4 Nbd7 16. Nxe5 Nxe5 17. Qc2 Rfb8 18. Bxe5 Bxe5 19. a4 Qc4 20. Rfd1 Rb4 21. Ra3 Qa6 22. Rb1 Rc4 23. Qe2 Bxc3 24. bxc3 Rxa4 25.
Qxa6 R4xa6 26. Rxa6 Rxa6 27. c4 Kg7 28. Rb7 Kf6 29.
f4 h5 30. g3 h4 31. g4 Ra4 32. Rd7 Rxc4 33. Rxd6+ Kg7 34. Rc6 Rxf4 35. Rxc5 Kf6 36. Ra5 Rd4 37. Kg2 Rd3 38. Ra6+ Kg5 39. Ra7 f6 40.
Rd7 Kf4 41. Rf7 Rd2+ 42. Kh1 Ke5 43. Re7+ Kf4 44. Rf7 f5 45. gxf5 gxf5 46. Kg1 Rxd5 47. Kf2 Rd2+ 48. Kf1 Rh2 49. Rf6 Rxh3 50. Kg2 Ra3 51. Rh6 Kg4 52. Kh2 Ra2+ 53. Kg1 Kh3 54. Rf6 Ra5 55. Kf2 Kh2 56. Rh6 Kh3 57. Kg1 Ra4 58.
Kf2 Rf4+ 59. Kg1 Kg3 60. Rg6+ Rg4 61. Rh6 f4 62. Kf1 f3 63. Rh5 h3 0-1

[Event "*** SCC Grand Prix: Titled Tuesday Blitz"]
[Site "Chess.com"]
[Date "2020.06.02"]
[Round "2"]
[White "124chess"]
[Black "ENEASZ"]
[Result "1-0"]
[WhiteElo "2748"]
[BlackElo "2503"]
[TimeControl "180+1"]
[EndTime "10:18:10 PDT"]
[Termination "124chess won on time"]

1. d4 d5 2. c4 e6 3. Nc3 Nf6 4. cxd5 exd5 5. Bg5 Be7 6. e3 c6 7. Bd3 Nbd7 8. Nf3 Nh5 9. Bxe7 Qxe7 10. O-O O-O 11. Qb1 Nhf6 12. b4 a6 13. a4 Nb6 14.
b5 cxb5 15. axb5 a5 16. Rc1 Be6 17. Ne2 Bg4 18. Ne5 Bxe2 19. Bxe2 Ne4 20. Bd3 Nf6 21.
Bf5 g6 22. Bh3 Ne4 23. Qc2 Qf6 24. f3 Ng5 25. Bd7 Rfd8 26. Qc7 Nxd7 27. Nxd7 Nxf3+ 28. gxf3 Qxf3 29. Ne5 Qxe3+ 30. Kg2 Qe2+ 31. Kg3 Qe3+ 32. Nf3 h5 33. Qf4 Qxf4+ 34. Kxf4 f6 35. Rc7 b6 36. Rc6 Kg7 37. Rxb6 Re8 38. Ra6 Rac8 39. R6xa5 Re4+ 40. Kg3 Rg4+ 41. Kh3 g5 42. Ra7+ Kg6 43. R7a6 Rc3 44. R6a3 Rxa3 45. Rxa3 Re4 46. Rb3 Re2 47. b6 g4+ 48.
Kg3 gxf3 49. b7 f2 50. Kg2 1-0

[Event "*** SCC Grand Prix: Titled Tuesday Blitz"]
[Site "Chess.com"]
[Date "2020.06.02"]
[Round "2"]
[White "Sjakkerntobi"]
[Black "JozefKneht"]
[Result "0-1"]
[WhiteElo "2273"]
[BlackElo "2503"]
[TimeControl "180+1"]
[EndTime "10:18:10 PDT"]
[Termination "JozefKneht won by resignation"]

1. e4 e5 2. Nf3 Nc6 3. Bb5 a6 4. Ba4 Nf6 5. O-O Nxe4 6. Re1 Nc5 7. Nxe5 Be7 8. Bb3 Nxb3 9. axb3 O-O 10. d4 Nxe5 11. dxe5 d5 12. f4 Bf5 13. Nc3 Bc5+ 14. Kh1 c6 15. Ne2 Bf2 16. Rf1 Qh4 17. b4 f6 18. Ra3 fxe5 19. fxe5 Be4 20. Ng3 Bxg3 21. Rxg3 Rxf1+ 22. Qxf1 Rf8 23. Qe1 Qh5 24. Bg5 Rf5 25. Bf6 g6 26. h3 Kf7 27. b5 axb5 28. Qa5 Rxe5 29. Bxe5 Qxe5 30. Qe1 Qxb2 31. c3 Qb1 32. Qxb1 Bxb1 33. Kg1 Be4 34. Kf2 c5 35. Ke3 Ke6 36.
h4 h5 37. Rg5 Bf5 38. g3 Ke5 39. Kd2 d4 40. cxd4+ Kxd4 41. g4 Bxg4 42. Rxg6 b4 43.
Rb6 Bf3 44. Rd6+ Kc4 45. Rh6 b5 46. Kc1 b3 47. Rf6 Bg4 48. Rf4+ Kc3 49. Re4 c4 50.
Re3+ Kb4 51. Kb2 Bd1 52. Rg3 Be2 53. Re3 Bd3 54. Re5 c3+ 55. Kc1 b2+ 0-1

[Event "*** SCC Grand Prix: Titled Tuesday Blitz"]
[Site "Chess.com"]
[Date "2020.06.02"]
[Round "2"]
[White "MilanJeremic"]
[Black "djano"]
[Result "1-0"]
[WhiteElo "2252"]
[BlackElo "2434"]
[TimeControl "180+1"]
[EndTime "10:18:10 PDT"]
[Termination "MilanJeremic won by checkmate"]

1. d4 Nf6 2. Nf3 e6 3. g3 c5 4. c3 b6 5. Bg2 Bb7 6. O-O Be7 7.
Bg5 O-O 8. Bxf6 Bxf6 9. e3 d6 10. Nbd2 Nd7 11. Rc1 a6 12. h4 b5 13. a3 Rb8 14.
Ne1 Qb6 15. Ne4 Be7 16. dxc5 Nxc5 17. Nxc5 dxc5 18. Bxb7 Qxb7 19. Qf3 Qb6 20. Rd1 Rfd8 21. Ng2 b4 22. axb4 cxb4 23. Rxd8+ Rxd8 24. Rd1 b3 25. Rxd8+ Bxd8 26. Nf4 g6 27. Qa8 Kg7 28. h5 Bg5 29. hxg6 hxg6 30. Ne2 e5 31. Qd5 Bf6 32.
Nc1 a5 33. Qxb3 Qd6 34. Qc2 Qd5 35. c4 Qc6 36. b3 e4 37. Ne2 Be5 38. Kg2 f5 39.
Nc3 Qf6 40. Nd5 Qc6 41. Qa2 Qc5 42. Qa4 Qa7 43. Qc6 Qb8 44. Qd7+ Kh6 45. Qe7 Bb2 46.
Nf4 Be5 47. Ne6 g5 48. Qxg5+ Kh7 49. Qxf5+ Kh6 50. g4 Qd6 51. Qh5# 1-0

[Event "*** SCC Grand Prix: Titled Tuesday Blitz"]
[Site "Chess.com"]
[Date "2020.06.02"]
[Round "2"]
[White "witcher8"]
[Black "Pavel_Mir"]
[Result "1/2-1/2"]
[WhiteElo "2446"]
[BlackElo "2256"]
[TimeControl "180+1"]
[EndTime "10:18:11 PDT"]
[Termination "Game drawn by repetition"]

1. e4 e5 2. Nf3 Nc6 3. Bc4 Bc5 4.
c3 Nf6 5. d4 exd4 6. cxd4 Bb4+ 7.
Nc3 Nxe4 8. O-O Bxc3 9. d5 Ne5 10. bxc3 Nxc4 11. Qd4 O-O 12. Qxc4 Nd6 13. Qf4 b6 14. Re1 Ba6 15. Ba3 Rc8 16. Rac1 h6 17. Nd4 Qg5 18. Bxd6 cxd6 19. Qxd6 Rfe8 20. Qxd7 Red8 21.
Qxa7 Bc4 22. Qxb6 Bxd5 23. f3 Rb8 24. Qc5 Rb2 25. Rc2 Rxc2 26. Nxc2 Qd2 27. Qe7 Be6 28. Qh4 Ra8 29. Qf2 Qxc3 30. Nd4 Rxa2 31. Qe3 Qxe3+ 32. Rxe3 Bd5 33. Nf5 Be6 34. Nd4 Ra6 35. Nxe6 fxe6 36. Kf2 Kf7 37. Kg3 Kf6 38. Rb3 g6 39. Rb5 h5 40. h4 Ra4 41. Rb8 Rc4 42. Rf8+ Kg7 43. Re8 Kf7 44. Rb8 Kf6 45. Rb5 Ra4 46.
Rb3 Rc4 47. Re3 Rb4 48. Rd3 Rc4 49. Rb3 Ra4 50. Rc3 Rb4 51. Rd3 Ra4 52. Rc3 Rb4 53.
Rd3 1/2-1/2

[Event "*** SCC Grand Prix: Titled Tuesday Blitz"]
[Site "Chess.com"]
[Date "2020.06.02"]
[Round "2"]
[White "GMCarbone"]
[Black "pedro_nascimento85"]
[Result "0-1"]
[WhiteElo "2331"]
[BlackElo "1933"]
[TimeControl "180+1"]
[EndTime "10:18:11 PDT"]
[Termination "pedro_nascimento85 won by resignation"]

1. d4 d5 2. c4 e6 3. Nf3 Be7 4. g3 Nf6 5. Bg2 O-O 6. Nc3 b6 7.
Ne5 Bb7 8. O-O c6 9. Qa4 Qc7 10. Bf4 Qc8 11. Rac1 dxc4 12. Qxc4 c5 13. d5 exd5 14.
Nxd5 Nxd5 15. Bxd5 Bxd5 16. Qxd5 Na6 17. a3 Nc7 18.
Qc6 Ne6 19. Rfd1 Nxf4 20. gxf4 Qxc6 21. Nxc6 Bf6 22. b4 cxb4 23. axb4 a6 24. e4 g6 25.
e5 Bg7 26. Rd6 a5 27. b5 Bh6 28. Ne7+ Kh8 29. Nd5 Rfb8 30. Kg2 a4 31. Kf3 Ra5 32.
Rxb6 Rxb6 33. Rc8+ Kg7 34. Nxb6 a3 35. Rc1 Rxb5 36.
Nc4 a2 37. Ra1 Rb4 38. Nd6 Rxf4+ 39. Kg2 Ra4 40. Ne8+ Kf8 41. Nf6 Bf4 42. Kf3 Bxh2 43. Ke3 Ke7 44. Nd5+ Ke6 45. Nc3 Ra3 46. Kd2 Bxe5 47.
Rxa2 Bxc3+ 0-1

[Event "*** SCC Grand Prix: Titled Tuesday Blitz"]
[Site "Chess.com"]
[Date "2020.06.02"]
[Round "2"]
[White "IwkooO"]
[Black "Andreikka"]
[Result "0-1"]
[WhiteElo "2569"]
[BlackElo "2926"]
[TimeControl "180+1"]
[EndTime "10:18:12 PDT"]
[Termination "Andreikka won by resignation"]

1. e4 d5 2. exd5 Qxd5 3. Nc3 Qa5 4. d4 Nf6 5. Bd2 c6 6. Nf3 Bf5 7. Bc4 e6 8. Qe2 Nbd7 9. O-O-O Qc7 10. Ne5 h5 11. Kb1 Bd6 12. Rhe1 Nb6 13. Bb3 O-O-O 14.
h3 h4 15. Bg5 Nbd5 16. Nxd5 cxd5 17. Ka1 Kb8 18. Rc1 Rc8 19. c4 dxc4 20. Rxc4 Qe7 21.
Rec1 Rxc4 22. Qxc4 Be4 23. f3 Bd5 24. Qc2 Bxb3 25.
Qxb3 Ka8 26. a3 Qe8 27. Nc4 Bc7 28. Nd2 Bb6 29. Bxf6 gxf6 30. d5 exd5 31. Qxd5 Qe3 32. Rc2 Qg1+ 33. Ka2 Qxg2 34. Qe4 Qxh3 35. Nc4 Qe6 36.
Qd3 h3 37. Rh2 Bc7 38. Rh1 h2 39. a4 Rd8 40. Qb3 Rd4 41. Na3 Rxa4 42. Qxe6 fxe6 43. Kb3 Rf4 44. Nb5 Rxf3+ 45. Kc4 Be5 46. Rd1 a6 47.
Rd8+ Bb8 48. Nc7+ Ka7 0-1

[Event "*** SCC Grand Prix: Titled Tuesday Blitz"]
[Site "Chess.com"]
[Date "2020.06.02"]
[Round "2"]
[White "Semen_Khanin"]
[Black "blitzking1729"]
[Result "1-0"]
[WhiteElo "2702"]
[BlackElo "2463"]
[TimeControl "180+1"]
[EndTime "10:18:12 PDT"]
[Termination "Semen_Khanin won by resignation"]

1. e4 c6 2. d4 d5 3. Nd2 dxe4 4. Nxe4 Bf5 5. Ng3 Bg6 6. h4 h6 7.
Nf3 Nd7 8. h5 Bh7 9. Bd3 Bxd3 10.
Qxd3 e6 11. Bd2 Ngf6 12. O-O-O Be7 13. Ne4 Nxe4 14. Qxe4 Nf6 15. Qe2 Qd5 16. c4 Qe4 17. Qxe4 Nxe4 18. Be3 O-O 19. Ne5 Rfd8 20. g4 Bg5 21. f4 Be7 22. Kc2 c5 23. Rhe1 Rac8 24. Bg1 f5 25. d5 exd5 26. cxd5 Nd6 27. Nc6 bxc6 28. Rxe7 cxd5 29. Rxd5 fxg4 30. Bxc5 Nb5 31. Rxd8+ Rxd8 32. a4 Nd4+ 33. Kc3 Nf5 34. Re5 Nh4 35. Bxa7 g3 36. a5 g2 37. b4 Rc8+ 38. Kb3 Rc7 39.
Bf2 Nf3 40. Rc5 Rf7 41. a6 Nd2+ 42. Kc2 Ne4 43. Rc8+ Kh7 44. Be3 Ng3 45. a7 Nf5 46. Bc5 Rxa7 47. Bxa7 1-0